[ PARTIDA AOE2 · #474730999 ]
UnrankedYurchen vs Franks
[ ANÁLISIS DE REPETICIÓN · EXTRAÍDO DE LA PARTIDA GRABADA ]
Feudal
11:56
Castillos
15:35
Imperial
38:29
| APM promedio | 50.9 |
| APM pico | 221 |
| eAPM promedio | 28.5 |
| Aldeanos / militares | 133 / 101 |
Foco
⚔️ 37.6% · 🌾 62.4%
Steppe Lancer ×78 · Fire Lancer ×12 · Spearman ×4 · Battering Ram ×4 · Unknown (1908) ×3 · Trebuchet (Packed) ×2
Feudal
11:07
Castillos
16:50
Imperial
42:50
| APM promedio | 32.0 |
| APM pico | 82 |
| eAPM promedio | 15.7 |
| Aldeanos / militares | 102 / 75 |
Foco
⚔️ 25.9% · 🌾 74.1%
Spearman ×39 · Throwing Axeman ×21 · Knight ×10 · Monk ×3 · Trebuchet (Packed) ×2
Feudal
11:10
Castillos
16:19
Imperial
35:24
| APM promedio | 30.5 |
| APM pico | 52 |
| eAPM promedio | 11.9 |
| Aldeanos / militares | 77 / 52 |
Foco
⚔️ 33.6% · 🌾 66.4%
Leitis ×47 · Trebuchet (Packed) ×3 · Monk ×2
Feudal
—
Castillos
—
Imperial
—
| APM promedio | 31.5 |
| APM pico | 82 |
| eAPM promedio | 16.5 |
| Aldeanos / militares | 75 / 50 |
Foco
⚔️ 24.1% · 🌾 75.9%
Mangudai ×21 · Steppe Lancer ×8 · Petard ×5 · Battering Ram ×5 · Scout Cavalry ×5 · Mangonel ×3
Feudal
13:31
Castillos
17:26
Imperial
36:47
| APM promedio | 16.1 |
| APM pico | 37 |
| eAPM promedio | 12.4 |
| Aldeanos / militares | 200 / 25 |
Foco
⚔️ 31.4% · 🌾 68.6%
Knight ×11 · Battering Ram ×9 · Trebuchet (Packed) ×3 · Teutonic Knight ×2
Feudal
9:17
Castillos
28:48
Imperial
—
| APM promedio | 20.6 |
| APM pico | 48 |
| eAPM promedio | 13.3 |
| Aldeanos / militares | 77 / 116 |
Foco
⚔️ 32.4% · 🌾 67.6%
Spearman ×59 · Militia ×23 · Scout Cavalry ×11 · Archer ×6 · Battering Ram ×6 · Mangonel ×5
Feudal
16:18
Castillos
23:12
Imperial
—
| APM promedio | 4.4 |
| APM pico | 16 |
| eAPM promedio | 3.2 |
| Aldeanos / militares | 32 / 2 |
Foco
⚔️ 9.2% · 🌾 90.8%
Militia ×2
Feudal
11:23
Castillos
17:02
Imperial
39:17
| APM promedio | 28.3 |
| APM pico | 95 |
| eAPM promedio | 11.3 |
| Aldeanos / militares | 116 / 32 |
Foco
⚔️ 15.2% · 🌾 84.8%
Camel Scout ×32
Mapa de la partida
Recursos iniciales + cada clic de construcción. Líneas = muros · curvas = relieve. ◆ oro · ⬟ piedra · ● bayas · ✦ reliquia · ◌ hueco del cierre
Inputs por minuto
— 自由人要乐奈 - - AMALARI
Build order — 自由人要乐奈
Primeras 150 de 440 acciones detectadas
| 0:44 | Construir | Town Center |
| 1:51 | Investigar | Loom |
| 1:51 | Crear | Villager (Male) |
| 1:52 | Crear | Villager (Male) |
| 1:52 | Crear | Villager (Male) |
| 1:52 | Crear | Villager (Male) |
| 1:52 | Crear | Villager (Male) |
| 2:33 | Crear | Villager (Male) |
| 2:47 | Construir | Lumber Camp |
| 3:03 | Crear | Villager (Male) |
| 3:03 | Crear | Villager (Male) |
| 3:29 | Crear | Villager (Male) |
| 3:54 | Crear | Villager (Male) |
| 4:49 | Crear | Villager (Male) |
| 5:22 | Crear | Villager (Male) |
| 5:23 | Crear | Villager (Male) |
| 5:24 | Crear | Villager (Male) |
| 5:24 | Crear | Villager (Male) |
| 5:27 | Construir | House |
| 5:45 | Crear | Villager (Male) |
| 5:45 | Crear | Villager (Male) |
| 6:58 | Crear | Villager (Male) |
| 6:58 | Crear | Villager (Male) |
| 7:28 | Construir | Mill |
| 7:34 | Crear | Villager (Male) |
| 8:13 | Crear | Villager (Male) |
| 8:13 | Crear | Villager (Male) |
| 8:13 | Crear | Villager (Male) |
| 8:53 | Investigar | Feudal Age |
| 8:53 | Investigar | Feudal Age |
| 9:06 | Construir | Mining Camp |
| 9:45 | Crear | Villager (Male) |
| 9:45 | Crear | Villager (Male) |
| 10:22 | Construir | Palisade Wall |
| 10:58 | Construir | House |
| 11:19 | Construir | Palisade Wall |
| 11:23 | Construir | Palisade Wall |
| 11:24 | Construir | Palisade Wall |
| 11:56 | Edad | Edad Feudal |
| 12:02 | Construir | Blacksmith |
| 12:05 | Construir | Market |
| 12:07 | Construir | Palisade Wall |
| 12:37 | Construir | Barracks |
| 12:55 | Investigar | Castle Age |
| 12:55 | Investigar | Castle Age |
| 13:08 | Construir | Palisade Wall |
| 13:16 | Construir | Palisade Wall |
| 13:17 | Construir | Palisade Wall |
| 13:19 | Construir | Palisade Wall |
| 13:22 | Construir | Palisade Wall |
| 13:27 | Investigar | Double-Bit Axe |
| 13:28 | Investigar | Double-Bit Axe |
| 13:33 | Investigar | Horse Collar |
| 14:06 | Construir | Stable |
| 14:22 | Construir | House |
| 14:55 | Construir | Farm |
| 14:55 | Construir | Farm |
| 15:00 | Construir | Farm |
| 15:09 | Crear | Villager (Male) |
| 15:35 | Edad | Edad de los Castillos |
| 15:36 | Crear | Steppe Lancer |
| 15:36 | Crear | Steppe Lancer |
| 15:38 | Crear | Steppe Lancer |
| 15:39 | Crear | Villager (Male) |
| 15:44 | Construir | Farm |
| 15:46 | Construir | Farm |
| 16:14 | Construir | Palisade Wall |
| 16:27 | Crear | Villager (Male) |
| 16:39 | Construir | Palisade Wall |
| 16:50 | Crear | Villager (Male) |
| 16:58 | Crear | Scout Cavalry |
| 17:00 | Crear | Steppe Lancer |
| 17:00 | Crear | Steppe Lancer |
| 17:06 | Construir | House |
| 17:20 | Construir | Town Center |
| 17:24 | Construir | Farm |
| 17:29 | Crear | Villager (Male) |
| 17:47 | Crear | Villager (Male) |
| 17:53 | Construir | Palisade Wall |
| 18:00 | Construir | House |
| 18:13 | Construir | House |
| 18:23 | Construir | Palisade Wall |
| 18:24 | Construir | Palisade Wall |
| 18:27 | Construir | Palisade Wall |
| 18:33 | Crear | Villager (Male) |
| 18:38 | Construir | Farm |
| 18:54 | Crear | Villager (Male) |
| 19:09 | Crear | Steppe Lancer |
| 19:10 | Crear | Steppe Lancer |
| 19:19 | Construir | House |
| 19:26 | Construir | Mining Camp |
| 19:29 | Crear | Villager (Male) |
| 19:29 | Crear | Villager (Male) |
| 19:48 | Crear | Villager (Male) |
| 19:56 | Construir | Farm |
| 19:56 | Construir | Farm |
| 19:57 | Construir | Farm |
| 19:58 | Construir | Farm |
| 19:58 | Construir | Farm |
| 20:07 | Crear | Villager (Male) |
| 20:20 | Crear | Steppe Lancer |
| 20:25 | Crear | Villager (Male) |
| 20:30 | Construir | Farm |
| 20:40 | Construir | Farm |
| 20:40 | Construir | Farm |
| 20:45 | Construir | House |
| 20:49 | Crear | Villager (Male) |
| 20:57 | Construir | Farm |
| 21:00 | Crear | Villager (Male) |
| 21:00 | Crear | Villager (Male) |
| 21:14 | Crear | Villager (Male) |
| 21:16 | Construir | Farm |
| 21:16 | Construir | Farm |
| 21:17 | Construir | Farm |
| 21:17 | Construir | Farm |
| 21:21 | Construir | House |
| 21:22 | Construir | House |
| 21:28 | Crear | Villager (Male) |
| 21:35 | Construir | Farm |
| 21:45 | Crear | Villager (Male) |
| 21:49 | Crear | Villager (Male) |
| 21:55 | Construir | Farm |
| 22:01 | Crear | Villager (Male) |
| 22:15 | Construir | Farm |
| 22:16 | Construir | Farm |
| 22:17 | Crear | Villager (Male) |
| 22:25 | Crear | Villager (Male) |
| 22:34 | Crear | Villager (Male) |
| 22:36 | Construir | House |
| 22:37 | Construir | House |
| 22:46 | Construir | Farm |
| 22:48 | Crear | Steppe Lancer |
| 22:48 | Crear | Steppe Lancer |
| 22:52 | Crear | Villager (Male) |
| 23:00 | Crear | Villager (Male) |
| 23:11 | Construir | Farm |
| 23:11 | Construir | Farm |
| 23:19 | Construir | Farm |
| 23:26 | Crear | Villager (Male) |
| 23:30 | Investigar | Husbandry |
| 23:30 | Investigar | Husbandry |
| 23:39 | Crear | Spearman |
| 23:39 | Crear | Spearman |
| 23:42 | Crear | Fire Lancer |
| 23:42 | Crear | Fire Lancer |
| 24:01 | Construir | House |
| 24:05 | Crear | Villager (Male) |
| 24:05 | Crear | Villager (Male) |
| 24:09 | Construir | Farm |
| 24:16 | Investigar | Wheelbarrow |
Build order — AMALARI
Primeras 150 de 285 acciones detectadas
| 0:12 | Construir | Town Center |
| 1:25 | Crear | Villager (Male) |
| 1:25 | Crear | Villager (Male) |
| 1:25 | Crear | Villager (Male) |
| 1:26 | Crear | Villager (Male) |
| 1:26 | Crear | Villager (Male) |
| 1:26 | Crear | Villager (Male) |
| 1:58 | Crear | Villager (Male) |
| 1:59 | Crear | Villager (Male) |
| 1:59 | Crear | Villager (Male) |
| 2:55 | Crear | Villager (Male) |
| 2:55 | Crear | Villager (Male) |
| 2:56 | Crear | Villager (Male) |
| 3:05 | Construir | Lumber Camp |
| 3:07 | Crear | Villager (Male) |
| 3:07 | Crear | Villager (Male) |
| 3:36 | Construir | Mill |
| 3:39 | Crear | Villager (Male) |
| 3:39 | Crear | Villager (Male) |
| 4:09 | Crear | Villager (Male) |
| 4:10 | Crear | Villager (Male) |
| 4:53 | Crear | Villager (Male) |
| 4:53 | Crear | Villager (Male) |
| 4:54 | Crear | Villager (Male) |
| 4:54 | Crear | Villager (Male) |
| 5:20 | Crear | Villager (Male) |
| 5:51 | Construir | House |
| 5:52 | Construir | House |
| 6:36 | Construir | Lumber Camp |
| 7:17 | Crear | Villager (Male) |
| 7:18 | Crear | Villager (Male) |
| 8:06 | Crear | Villager (Male) |
| 8:07 | Crear | Villager (Male) |
| 8:41 | Construir | Mining Camp |
| 8:46 | Investigar | Feudal Age |
| 9:24 | Construir | Barracks |
| 11:07 | Edad | Edad Feudal |
| 11:12 | Investigar | Loom |
| 11:13 | Crear | Villager (Male) |
| 11:13 | Crear | Villager (Male) |
| 11:14 | Crear | Villager (Male) |
| 11:14 | Crear | Villager (Male) |
| 12:08 | Construir | Blacksmith |
| 12:44 | Construir | Market |
| 13:01 | Construir | Mill |
| 13:05 | Crear | Villager (Male) |
| 14:10 | Investigar | Castle Age |
| 14:56 | Investigar | Double-Bit Axe |
| 15:09 | Construir | House |
| 15:10 | Construir | House |
| 15:42 | Construir | Stable |
| 15:44 | Construir | Stable |
| 16:50 | Edad | Edad de los Castillos |
| 16:55 | Crear | Knight |
| 16:55 | Crear | Knight |
| 17:06 | Construir | Town Center |
| 17:09 | Crear | Knight |
| 17:10 | Crear | Knight |
| 17:30 | Investigar | Forging |
| 17:54 | Crear | Knight |
| 17:54 | Crear | Knight |
| 18:38 | Investigar | Scale Barding Armor |
| 18:49 | Crear | Knight |
| 18:49 | Crear | Knight |
| 19:07 | Construir | Town Center |
| 19:57 | Crear | Knight |
| 19:57 | Crear | Knight |
| 20:16 | Construir | Farm |
| 20:19 | Construir | Farm |
| 20:21 | Construir | Farm |
| 20:39 | Crear | Villager (Male) |
| 20:41 | Crear | Villager (Male) |
| 20:42 | Crear | Villager (Male) |
| 21:23 | Construir | Monastery |
| 21:43 | Crear | Villager (Male) |
| 23:18 | Crear | Monk |
| 23:30 | Construir | Farm |
| 23:32 | Construir | Farm |
| 23:33 | Construir | Farm |
| 23:34 | Construir | Farm |
| 23:36 | Construir | Farm |
| 23:38 | Construir | Farm |
| 23:39 | Construir | Farm |
| 23:41 | Crear | Villager (Male) |
| 23:41 | Crear | Villager (Male) |
| 23:42 | Crear | Villager (Male) |
| 24:03 | Construir | Castle |
| 24:30 | Crear | Villager (Male) |
| 24:31 | Crear | Villager (Male) |
| 24:37 | Construir | Farm |
| 24:40 | Construir | Farm |
| 24:43 | Construir | Farm |
| 24:46 | Crear | Villager (Male) |
| 24:46 | Crear | Villager (Male) |
| 24:46 | Crear | Villager (Male) |
| 24:51 | Crear | Villager (Male) |
| 24:51 | Crear | Villager (Male) |
| 25:13 | Crear | Villager (Male) |
| 25:13 | Crear | Villager (Male) |
| 25:14 | Crear | Villager (Male) |
| 25:25 | Investigar | Wheelbarrow |
| 25:43 | Investigar | Scale Mail Armor |
| 25:45 | Crear | Throwing Axeman |
| 25:46 | Crear | Throwing Axeman |
| 25:46 | Crear | Throwing Axeman |
| 25:48 | Crear | Throwing Axeman |
| 25:48 | Crear | Throwing Axeman |
| 25:48 | Crear | Throwing Axeman |
| 26:02 | Crear | Monk |
| 26:19 | Crear | Throwing Axeman |
| 26:19 | Crear | Throwing Axeman |
| 26:20 | Crear | Throwing Axeman |
| 26:31 | Crear | Villager (Male) |
| 26:31 | Crear | Villager (Male) |
| 26:54 | Construir | Farm |
| 26:56 | Construir | Farm |
| 26:59 | Construir | Farm |
| 27:04 | Crear | Throwing Axeman |
| 27:06 | Crear | Throwing Axeman |
| 27:16 | Crear | Monk |
| 27:34 | Crear | Villager (Male) |
| 27:35 | Crear | Villager (Male) |
| 27:35 | Crear | Villager (Male) |
| 28:08 | Construir | Barracks |
| 28:13 | Construir | Barracks |
| 28:16 | Crear | Villager (Male) |
| 28:17 | Crear | Villager (Male) |
| 28:17 | Crear | Villager (Male) |
| 28:25 | Investigar | Bow Saw |
| 29:09 | Crear | Throwing Axeman |
| 29:09 | Crear | Throwing Axeman |
| 29:25 | Investigar | Pikeman (upgrade) |
| 29:26 | Investigar | Squires |
| 30:05 | Crear | Spearman |
| 30:06 | Crear | Spearman |
| 30:06 | Crear | Spearman |
| 30:07 | Crear | Spearman |
| 30:07 | Crear | Spearman |
| 30:08 | Crear | Spearman |
| 30:08 | Crear | Spearman |
| 30:37 | Crear | Villager (Male) |
| 30:38 | Crear | Villager (Male) |
| 30:58 | Construir | Town Center |
| 31:06 | Crear | Villager (Male) |
| 31:07 | Crear | Villager (Male) |
| 31:41 | Investigar | Chain Mail Armor |
| 32:02 | Investigar | Squires |
| 32:12 | Crear | Villager (Male) |
| 32:13 | Crear | Villager (Male) |
| 32:13 | Crear | Villager (Male) |
Build order — 三战就要打起来了
Primeras 150 de 195 acciones detectadas
| 0:41 | Construir | Town Center |
| 1:43 | Crear | Villager (Male) |
| 1:44 | Crear | Villager (Male) |
| 1:44 | Crear | Villager (Male) |
| 1:44 | Crear | Villager (Male) |
| 1:44 | Crear | Villager (Male) |
| 1:45 | Crear | Villager (Male) |
| 1:45 | Crear | Villager (Male) |
| 1:46 | Investigar | Loom |
| 2:34 | Construir | Mill |
| 3:39 | Crear | Villager (Male) |
| 3:39 | Crear | Villager (Male) |
| 3:39 | Crear | Villager (Male) |
| 3:40 | Crear | Villager (Male) |
| 3:58 | Crear | Villager (Male) |
| 3:59 | Crear | Villager (Male) |
| 3:59 | Crear | Villager (Male) |
| 4:39 | Crear | Villager (Male) |
| 4:39 | Crear | Villager (Male) |
| 4:39 | Crear | Villager (Male) |
| 5:08 | Crear | Villager (Male) |
| 5:08 | Crear | Villager (Male) |
| 5:08 | Crear | Villager (Male) |
| 5:08 | Crear | Villager (Male) |
| 6:38 | Construir | House |
| 7:07 | Construir | Mill |
| 7:45 | Crear | Villager (Male) |
| 8:00 | Construir | Mining Camp |
| 8:04 | Crear | Villager (Male) |
| 8:31 | Crear | Villager (Male) |
| 8:44 | Investigar | Feudal Age |
| 10:36 | Construir | Barracks |
| 10:57 | Crear | Villager (Male) |
| 10:57 | Crear | Villager (Male) |
| 11:10 | Edad | Edad Feudal |
| 11:28 | Investigar | Town Watch |
| 12:22 | Crear | Villager (Male) |
| 12:30 | Construir | Stable |
| 13:06 | Construir | Blacksmith |
| 13:39 | Investigar | Castle Age |
| 14:16 | Construir | House |
| 14:19 | Construir | House |
| 16:19 | Edad | Edad de los Castillos |
| 16:42 | Construir | Castle |
| 17:00 | Crear | Villager (Male) |
| 17:01 | Crear | Villager (Male) |
| 17:26 | Crear | Villager (Male) |
| 17:26 | Crear | Villager (Male) |
| 17:42 | Construir | Monastery |
| 17:48 | Crear | Leitis |
| 17:49 | Crear | Leitis |
| 17:49 | Crear | Leitis |
| 17:49 | Crear | Leitis |
| 17:49 | Crear | Leitis |
| 18:25 | Crear | Monk |
| 18:40 | Crear | Villager (Male) |
| 18:50 | Crear | Leitis |
| 18:50 | Crear | Leitis |
| 18:51 | Crear | Leitis |
| 19:37 | Crear | Villager (Male) |
| 19:37 | Crear | Leitis |
| 20:05 | Construir | Town Center |
| 20:08 | Crear | Leitis |
| 20:08 | Crear | Leitis |
| 20:09 | Crear | Leitis |
| 20:09 | Crear | Leitis |
| 21:37 | Investigar | Fervor |
| 21:59 | Crear | Leitis |
| 21:59 | Crear | Leitis |
| 21:59 | Crear | Leitis |
| 21:59 | Crear | Leitis |
| 22:00 | Crear | Leitis |
| 22:02 | Crear | Villager (Male) |
| 22:03 | Crear | Villager (Male) |
| 22:03 | Crear | Villager (Male) |
| 23:15 | Construir | Castle |
| 23:28 | Crear | Leitis |
| 23:28 | Crear | Leitis |
| 23:28 | Crear | Leitis |
| 23:28 | Crear | Leitis |
| 23:29 | Crear | Leitis |
| 23:51 | Crear | Leitis |
| 23:52 | Crear | Leitis |
| 24:15 | Construir | Farm |
| 24:15 | Construir | Farm |
| 24:17 | Construir | Farm |
| 24:42 | Construir | Farm |
| 24:47 | Construir | Farm |
| 25:32 | Crear | Leitis |
| 25:32 | Crear | Leitis |
| 25:33 | Crear | Leitis |
| 25:33 | Crear | Leitis |
| 25:33 | Crear | Leitis |
| 25:53 | Construir | Farm |
| 25:54 | Construir | Farm |
| 25:56 | Construir | Farm |
| 25:57 | Construir | Farm |
| 26:02 | Construir | Farm |
| 26:03 | Construir | Farm |
| 26:05 | Construir | Farm |
| 26:35 | Crear | Leitis |
| 26:36 | Crear | Leitis |
| 27:05 | Crear | Leitis |
| 27:20 | Construir | Farm |
| 27:25 | Construir | Lumber Camp |
| 27:50 | Crear | Leitis |
| 27:50 | Crear | Leitis |
| 27:58 | Investigar | Horse Collar |
| 28:58 | Construir | Farm |
| 29:00 | Construir | Farm |
| 29:01 | Construir | Farm |
| 29:03 | Construir | Farm |
| 29:04 | Construir | Farm |
| 29:06 | Construir | Farm |
| 29:07 | Construir | Farm |
| 29:09 | Construir | Farm |
| 29:11 | Crear | Villager (Male) |
| 29:11 | Crear | Villager (Male) |
| 29:13 | Crear | Villager (Male) |
| 29:13 | Crear | Villager (Male) |
| 30:34 | Crear | Villager (Male) |
| 30:35 | Crear | Villager (Male) |
| 30:39 | Crear | Villager (Male) |
| 30:39 | Crear | Villager (Male) |
| 32:14 | Investigar | Imperial Age |
| 32:36 | Construir | University |
| 33:08 | Investigar | Fletching |
| 33:38 | Investigar | Ballistics |
| 34:22 | Crear | Leitis |
| 34:23 | Crear | Leitis |
| 34:24 | Crear | Leitis |
| 34:24 | Crear | Leitis |
| 34:40 | Construir | Lumber Camp |
| 34:54 | Crear | Leitis |
| 34:55 | Crear | Leitis |
| 34:58 | Investigar | Bloodlines |
| 35:24 | Edad | Edad Imperial |
| 35:34 | Crear | Monk |
| 35:40 | Crear | Villager (Male) |
| 35:41 | Crear | Villager (Male) |
| 36:07 | Crear | Villager (Male) |
| 36:08 | Crear | Villager (Male) |
| 36:09 | Crear | Villager (Male) |
| 36:09 | Crear | Villager (Male) |
| 36:10 | Crear | Villager (Male) |
| 36:12 | Crear | Villager (Male) |
| 37:20 | Crear | Villager (Male) |
| 37:40 | Crear | Villager (Male) |
| 37:41 | Crear | Villager (Male) |
| 37:42 | Crear | Villager (Male) |
Build order — dinbsty ascenci
Primeras 150 de 221 acciones detectadas
| 0:22 | Construir | Town Center |
| 1:28 | Crear | Villager (Male) |
| 1:28 | Crear | Villager (Male) |
| 1:29 | Crear | Villager (Male) |
| 1:29 | Crear | Villager (Male) |
| 1:29 | Crear | Villager (Male) |
| 2:04 | Crear | Villager (Male) |
| 2:27 | Construir | Lumber Camp |
| 3:07 | Construir | Mill |
| 3:17 | Investigar | Loom |
| 3:21 | Crear | Villager (Male) |
| 3:21 | Crear | Villager (Male) |
| 3:21 | Crear | Villager (Male) |
| 4:49 | Crear | Villager (Male) |
| 4:49 | Crear | Villager (Male) |
| 5:23 | Crear | Villager (Male) |
| 5:24 | Crear | Villager (Male) |
| 5:24 | Crear | Villager (Male) |
| 5:54 | Crear | Villager (Male) |
| 5:54 | Crear | Villager (Male) |
| 5:54 | Crear | Villager (Male) |
| 5:54 | Crear | Villager (Male) |
| 6:09 | Crear | Villager (Male) |
| 6:09 | Crear | Villager (Male) |
| 6:09 | Crear | Villager (Male) |
| 6:10 | Crear | Villager (Male) |
| 6:43 | Construir | Mill |
| 6:58 | Construir | House |
| 7:01 | Construir | House |
| 8:23 | Construir | House |
| 8:35 | Crear | Villager (Male) |
| 8:35 | Crear | Villager (Male) |
| 8:49 | Crear | Villager (Male) |
| 9:27 | Investigar | Feudal Age |
| 10:02 | Construir | Mill |
| 10:32 | Construir | Barracks |
| 11:39 | Crear | Villager (Male) |
| 11:40 | Crear | Villager (Male) |
| 11:46 | Construir | Stable |
| 11:59 | Crear | Villager (Male) |
| 12:04 | Investigar | Double-Bit Axe |
| 12:36 | Crear | Scout Cavalry |
| 12:36 | Crear | Scout Cavalry |
| 12:37 | Crear | Scout Cavalry |
| 12:40 | Construir | Mining Camp |
| 12:45 | Crear | Villager (Male) |
| 12:45 | Crear | Villager (Male) |
| 13:27 | Construir | Mill |
| 13:33 | Crear | Villager (Male) |
| 13:45 | Crear | Scout Cavalry |
| 13:45 | Crear | Scout Cavalry |
| 14:31 | Construir | Blacksmith |
| 14:35 | Crear | Villager (Male) |
| 14:47 | Construir | House |
| 15:17 | Investigar | Castle Age |
| 15:23 | Investigar | Scale Barding Armor |
| 15:24 | Investigar | Forging |
| 15:38 | Construir | Mill |
| 16:44 | Crear | Villager (Male) |
| 16:45 | Crear | Villager (Male) |
| 17:59 | Construir | Town Center |
| 18:02 | Crear | Villager (Male) |
| 18:02 | Crear | Villager (Male) |
| 18:20 | Crear | Steppe Lancer |
| 18:21 | Crear | Steppe Lancer |
| 18:21 | Crear | Steppe Lancer |
| 18:21 | Crear | Steppe Lancer |
| 18:42 | Construir | Town Center |
| 18:48 | Investigar | Bow Saw |
| 18:59 | Crear | Steppe Lancer |
| 19:16 | Construir | Mining Camp |
| 20:13 | Crear | Steppe Lancer |
| 20:25 | Investigar | Wheelbarrow |
| 20:33 | Crear | Villager (Male) |
| 20:33 | Crear | Villager (Male) |
| 20:33 | Crear | Villager (Male) |
| 20:33 | Crear | Villager (Male) |
| 20:34 | Crear | Villager (Male) |
| 20:38 | Investigar | Stone Mining |
| 20:39 | Investigar | Gold Mining |
| 20:43 | Investigar | Chain Barding Armor |
| 20:49 | Crear | Steppe Lancer |
| 20:55 | Construir | Farm |
| 20:55 | Construir | Farm |
| 20:55 | Construir | Farm |
| 20:56 | Construir | Farm |
| 20:56 | Construir | Farm |
| 21:47 | Crear | Steppe Lancer |
| 22:11 | Crear | Villager (Male) |
| 22:11 | Crear | Villager (Male) |
| 22:12 | Crear | Villager (Male) |
| 22:12 | Crear | Villager (Male) |
| 22:12 | Crear | Villager (Male) |
| 22:26 | Construir | House |
| 22:42 | Construir | House |
| 22:43 | Construir | House |
| 22:44 | Construir | House |
| 23:27 | Investigar | Husbandry |
| 23:47 | Crear | Villager (Male) |
| 23:47 | Crear | Villager (Male) |
| 23:47 | Crear | Villager (Male) |
| 23:53 | Construir | Farm |
| 23:54 | Construir | Farm |
| 23:54 | Construir | Farm |
| 23:54 | Construir | Farm |
| 23:57 | Crear | Villager (Male) |
| 24:57 | Construir | Castle |
| 25:33 | Investigar | Bloodlines |
| 26:36 | Construir | Siege Workshop |
| 26:51 | Crear | Villager (Male) |
| 27:04 | Crear | Battering Ram |
| 27:10 | Construir | University |
| 27:17 | Crear | Petard |
| 27:18 | Crear | Petard |
| 27:18 | Crear | Petard |
| 27:19 | Crear | Petard |
| 27:38 | Construir | Market |
| 27:49 | Construir | Lumber Camp |
| 27:59 | Investigar | Murder Holes |
| 28:12 | Crear | Battering Ram |
| 28:15 | Crear | Petard |
| 28:22 | Construir | Farm |
| 28:23 | Construir | Farm |
| 28:23 | Construir | Farm |
| 28:23 | Construir | Farm |
| 28:23 | Construir | Farm |
| 28:23 | Construir | Farm |
| 28:26 | Crear | Villager (Male) |
| 28:26 | Crear | Villager (Male) |
| 30:44 | Crear | Battering Ram |
| 30:45 | Crear | Battering Ram |
| 30:45 | Crear | Battering Ram |
| 30:49 | Investigar | Hand Cart |
| 31:39 | Crear | Mangonel |
| 33:26 | Crear | Villager (Male) |
| 33:27 | Crear | Villager (Male) |
| 33:34 | Investigar | Fletching |
| 33:55 | Construir | Town Center |
| 34:10 | Construir | Siege Workshop |
| 34:17 | Crear | Mangudai |
| 34:17 | Crear | Mangudai |
| 34:18 | Crear | Mangudai |
| 34:18 | Crear | Mangudai |
| 34:18 | Crear | Mangudai |
| 34:18 | Crear | Mangudai |
| 34:19 | Crear | Mangudai |
| 34:19 | Crear | Mangudai |
| 34:42 | Construir | Castle |
| 34:51 | Crear | Villager (Male) |
| 34:52 | Crear | Villager (Male) |
Build order — chekopg_1110
Primeras 150 de 258 acciones detectadas
| 0:31 | Construir | Town Center |
| 1:45 | Crear | Villager (Male) ×4 |
| 1:46 | Crear | Villager (Male) ×4 |
| 2:21 | Crear | Villager (Male) |
| 2:39 | Construir | Lumber Camp |
| 3:06 | Crear | Villager (Male) |
| 3:06 | Crear | Villager (Male) |
| 3:07 | Crear | Villager (Male) |
| 3:07 | Crear | Villager (Male) |
| 3:57 | Crear | Villager (Male) ×2 |
| 3:57 | Crear | Villager (Male) ×2 |
| 4:29 | Crear | Villager (Male) |
| 4:37 | Crear | Villager (Male) |
| 5:14 | Crear | Villager (Male) |
| 5:15 | Crear | Villager (Male) |
| 5:26 | Investigar | Loom |
| 5:26 | Crear | Villager (Male) ×3 |
| 5:26 | Crear | Villager (Male) ×3 |
| 5:35 | Crear | Villager (Male) |
| 5:35 | Crear | Villager (Male) |
| 5:50 | Construir | Mill |
| 6:07 | Crear | Villager (Male) |
| 6:12 | Construir | House |
| 6:25 | Crear | Villager (Male) ×2 |
| 6:25 | Crear | Villager (Male) ×2 |
| 6:54 | Crear | Villager (Male) ×3 |
| 6:54 | Crear | Villager (Male) ×3 |
| 7:17 | Crear | Villager (Male) |
| 7:21 | Crear | Villager (Male) |
| 7:22 | Crear | Villager (Male) |
| 7:43 | Crear | Villager (Male) |
| 7:51 | Crear | Villager (Male) ×2 |
| 7:51 | Crear | Villager (Male) ×2 |
| 7:51 | Crear | Villager (Male) ×2 |
| 7:55 | Crear | Villager (Male) |
| 7:56 | Crear | Villager (Male) |
| 8:09 | Construir | House |
| 8:19 | Crear | Villager (Male) |
| 8:19 | Crear | Villager (Male) |
| 8:52 | Construir | House |
| 8:53 | Crear | Villager (Male) |
| 9:05 | Crear | Villager (Male) ×3 |
| 9:05 | Crear | Villager (Male) ×3 |
| 9:20 | Construir | House |
| 9:24 | Crear | Villager (Male) ×2 |
| 9:24 | Crear | Villager (Male) ×2 |
| 10:11 | Construir | Mining Camp |
| 10:19 | Construir | House |
| 11:16 | Investigar | Feudal Age |
| 11:36 | Construir | Barracks |
| 12:27 | Crear | Villager (Male) ×5 |
| 12:57 | Construir | House |
| 13:31 | Edad | Edad Feudal |
| 13:33 | Construir | Stable |
| 13:42 | Construir | Blacksmith |
| 13:47 | Construir | Blacksmith |
| 14:36 | Investigar | Castle Age |
| 14:54 | Construir | Stable |
| 14:57 | Investigar | Bloodlines |
| 16:03 | Construir | House |
| 16:04 | Construir | House |
| 16:05 | Construir | House |
| 16:06 | Construir | House |
| 16:24 | Crear | Villager (Male) ×4 |
| 16:32 | Investigar | Horse Collar |
| 16:41 | Investigar | Double-Bit Axe |
| 16:47 | Investigar | Gold Mining |
| 17:26 | Edad | Edad de los Castillos |
| 17:28 | Construir | Town Center |
| 17:36 | Construir | Town Center |
| 17:44 | Crear | Knight |
| 18:37 | Construir | Mill |
| 18:43 | Crear | Knight |
| 18:43 | Crear | Knight |
| 18:48 | Crear | Villager (Male) ×2 |
| 19:58 | Crear | Knight |
| 20:52 | Construir | Farm |
| 20:54 | Construir | Farm |
| 20:55 | Construir | Farm |
| 20:56 | Construir | Farm |
| 20:57 | Construir | Farm |
| 20:59 | Construir | Farm |
| 21:01 | Construir | Farm |
| 21:03 | Construir | Farm |
| 21:05 | Construir | Farm |
| 21:12 | Crear | Villager (Male) ×5 |
| 21:20 | Crear | Villager (Male) ×5 |
| 22:55 | Crear | Villager (Male) |
| 22:56 | Crear | Villager (Male) |
| 22:56 | Crear | Villager (Male) |
| 22:56 | Crear | Villager (Male) |
| 23:42 | Construir | Stable |
| 23:45 | Construir | Stable |
| 24:00 | Crear | Knight |
| 24:00 | Crear | Knight |
| 24:10 | Crear | Knight |
| 24:19 | Crear | Knight |
| 24:25 | Construir | Castle |
| 24:37 | Construir | House |
| 24:41 | Construir | House |
| 25:04 | Crear | Villager (Male) ×5 |
| 25:07 | Crear | Villager (Male) ×5 |
| 25:12 | Construir | Farm |
| 25:13 | Construir | Farm |
| 25:14 | Construir | Farm |
| 25:16 | Construir | Farm |
| 25:50 | Construir | Town Center |
| 26:09 | Investigar | Fletching |
| 26:10 | Investigar | Scale Barding Armor |
| 26:53 | Crear | Villager (Male) |
| 26:53 | Crear | Villager (Male) |
| 26:54 | Crear | Villager (Male) |
| 26:56 | Crear | Villager (Male) |
| 26:56 | Crear | Villager (Male) |
| 27:25 | Construir | Farm |
| 27:27 | Construir | Farm |
| 27:28 | Construir | Farm |
| 27:29 | Construir | Farm |
| 27:32 | Crear | Villager (Male) |
| 27:32 | Crear | Villager (Male) |
| 27:33 | Crear | Villager (Male) |
| 27:33 | Crear | Villager (Male) |
| 27:42 | Construir | Farm |
| 27:46 | Construir | Farm |
| 27:47 | Construir | Farm |
| 27:50 | Construir | Farm |
| 27:51 | Construir | Farm |
| 27:53 | Construir | Farm |
| 27:56 | Construir | Farm |
| 28:00 | Crear | Villager (Male) |
| 28:06 | Crear | Villager (Male) |
| 28:06 | Crear | Villager (Male) |
| 28:06 | Crear | Villager (Male) |
| 28:19 | Crear | Villager (Male) |
| 28:19 | Crear | Villager (Male) |
| 28:35 | Construir | Castle |
| 28:39 | Construir | House |
| 28:44 | Construir | House |
| 28:50 | Construir | House |
| 29:06 | Construir | Farm |
| 29:08 | Construir | Farm |
| 29:15 | Construir | Mining Camp |
| 29:23 | Crear | Villager (Male) |
| 29:23 | Crear | Villager (Male) |
| 29:24 | Crear | Villager (Male) |
| 29:24 | Crear | Villager (Male) |
| 29:25 | Crear | Villager (Male) |
| 29:25 | Crear | Villager (Male) |
| 29:27 | Crear | Villager (Male) |
| 29:27 | Crear | Villager (Male) |
Build order — Pumbaa
Primeras 150 de 276 acciones detectadas
| 0:24 | Construir | Town Center |
| 1:39 | Crear | Villager (Male) |
| 1:40 | Crear | Villager (Male) |
| 2:34 | Crear | Villager (Male) |
| 2:35 | Crear | Villager (Male) |
| 2:52 | Crear | Villager (Male) |
| 3:33 | Crear | Villager (Male) |
| 4:00 | Crear | Villager (Male) |
| 4:30 | Crear | Villager (Male) |
| 4:40 | Construir | Lumber Camp |
| 4:41 | Crear | Villager (Male) |
| 5:04 | Construir | Mill |
| 5:06 | Crear | Villager (Male) |
| 5:19 | Crear | Villager (Male) |
| 5:56 | Crear | Villager (Male) |
| 6:21 | Crear | Villager (Male) |
| 6:27 | Construir | House |
| 6:59 | Crear | Villager (Male) |
| 7:18 | Construir | House |
| 7:19 | Crear | Villager (Male) |
| 7:37 | Investigar | Feudal Age |
| 7:37 | Crear | Villager (Male) |
| 8:12 | Crear | Villager (Male) |
| 8:26 | Crear | Villager (Male) |
| 8:42 | Construir | House |
| 8:46 | Crear | Villager (Male) |
| 9:00 | Crear | Villager (Male) |
| 9:17 | Edad | Edad Feudal |
| 9:34 | Construir | Watch Tower |
| 9:39 | Crear | Villager (Male) |
| 9:50 | Construir | House |
| 10:04 | Construir | Stone Wall |
| 10:12 | Construir | Barracks |
| 10:16 | Crear | Villager (Male) |
| 10:45 | Crear | Villager (Male) |
| 11:07 | Construir | Mining Camp |
| 11:08 | Crear | Villager (Male) |
| 11:08 | Crear | Villager (Male) |
| 12:03 | Crear | Militia |
| 12:04 | Crear | Militia |
| 12:05 | Investigar | Man-at-Arms (upgrade) |
| 12:11 | Crear | Villager (Male) |
| 12:37 | Construir | Mining Camp |
| 12:39 | Crear | Villager (Male) |
| 12:54 | Construir | Farm |
| 12:55 | Construir | Farm |
| 12:55 | Construir | Farm |
| 13:12 | Construir | Blacksmith |
| 13:13 | Crear | Villager (Male) |
| 13:34 | Construir | Farm |
| 13:35 | Construir | Farm |
| 13:58 | Construir | Stone Wall |
| 14:00 | Crear | Villager (Male) |
| 14:11 | Investigar | Forging |
| 14:21 | Construir | Archery Range |
| 14:26 | Crear | Villager (Male) |
| 14:33 | Crear | Villager (Male) |
| 14:41 | Construir | House |
| 14:43 | Construir | House |
| 14:43 | Construir | House |
| 15:04 | Investigar | Loom |
| 15:19 | Crear | Skirmisher |
| 15:19 | Crear | Skirmisher |
| 15:24 | Crear | Archer |
| 15:24 | Crear | Archer |
| 15:24 | Crear | Archer |
| 15:33 | Crear | Militia |
| 15:40 | Crear | Villager (Male) |
| 15:42 | Crear | Villager (Male) |
| 15:50 | Construir | Mining Camp |
| 16:05 | Investigar | Fletching |
| 16:11 | Construir | Farm |
| 16:12 | Construir | Farm |
| 16:12 | Construir | Farm |
| 16:12 | Construir | Farm |
| 16:14 | Crear | Villager (Male) |
| 16:22 | Construir | Building 665 |
| 16:27 | Crear | Villager (Male) |
| 16:32 | Construir | House |
| 16:32 | Construir | House |
| 16:34 | Construir | House |
| 16:35 | Construir | House |
| 17:48 | Construir | Watch Tower |
| 18:04 | Crear | Archer |
| 18:04 | Crear | Archer |
| 18:24 | Crear | Villager (Male) |
| 18:25 | Crear | Villager (Male) |
| 18:33 | Construir | Mining Camp |
| 18:35 | Crear | Villager (Male) |
| 19:06 | Crear | Archer |
| 19:10 | Construir | Stable |
| 19:21 | Crear | Spearman |
| 19:21 | Crear | Spearman |
| 19:21 | Crear | Spearman |
| 19:39 | Construir | Barracks |
| 19:53 | Crear | Spearman |
| 20:06 | Construir | Stone Wall |
| 20:07 | Crear | Villager (Male) |
| 20:07 | Crear | Villager (Male) |
| 20:20 | Crear | Spearman |
| 20:34 | Construir | Watch Tower |
| 20:38 | Construir | House |
| 20:41 | Construir | House |
| 20:52 | Crear | Villager (Male) |
| 20:53 | Crear | Villager (Male) |
| 20:58 | Crear | Spearman |
| 20:58 | Crear | Spearman |
| 20:59 | Crear | Spearman |
| 21:50 | Crear | Spearman |
| 21:50 | Crear | Spearman |
| 21:51 | Crear | Spearman |
| 22:01 | Crear | Villager (Male) |
| 22:07 | Construir | House |
| 22:08 | Construir | House |
| 22:10 | Construir | House |
| 22:33 | Crear | Scout Cavalry |
| 22:33 | Crear | Scout Cavalry |
| 22:33 | Crear | Scout Cavalry |
| 22:34 | Crear | Scout Cavalry |
| 22:39 | Crear | Villager (Male) |
| 22:40 | Crear | Villager (Male) |
| 23:06 | Construir | Farm |
| 23:15 | Construir | Mill |
| 24:35 | Crear | Scout Cavalry |
| 24:35 | Crear | Scout Cavalry |
| 24:43 | Crear | Villager (Male) |
| 24:43 | Crear | Villager (Male) |
| 24:58 | Construir | Farm |
| 24:58 | Construir | Farm |
| 24:59 | Construir | Farm |
| 25:14 | Construir | Market |
| 25:21 | Crear | Villager (Male) |
| 25:38 | Construir | Mining Camp |
| 25:51 | Crear | Scout Cavalry |
| 26:05 | Crear | Villager (Male) |
| 27:12 | Investigar | Castle Age |
| 27:31 | Construir | Barracks |
| 28:02 | Construir | Outpost |
| 28:04 | Crear | Villager (Male) |
| 28:10 | Investigar | Horse Collar |
| 28:13 | Investigar | Double-Bit Axe |
| 28:18 | Crear | Villager (Male) |
| 28:48 | Edad | Edad de los Castillos |
| 29:14 | Construir | Mining Camp |
| 29:21 | Construir | Mining Camp |
| 29:30 | Construir | Castle |
| 29:33 | Crear | Villager (Male) |
| 29:53 | Construir | Castle |
| 30:04 | Construir | University |
| 30:09 | Construir | Siege Workshop |
Build order — august17337
55 acciones detectadas en el replay
| 0:45 | Construir | Town Center |
| 1:17 | Construir | Barracks |
| 2:00 | Crear | Villager (Male) |
| 2:00 | Crear | Villager (Male) |
| 2:00 | Crear | Villager (Male) |
| 2:01 | Crear | Villager (Male) |
| 3:44 | Crear | Villager (Male) |
| 3:54 | Construir | Mining Camp |
| 4:15 | Construir | Mining Camp |
| 5:04 | Crear | Villager (Male) |
| 5:04 | Crear | Villager (Male) |
| 5:04 | Crear | Villager (Male) |
| 6:17 | Construir | Lumber Camp |
| 6:27 | Crear | Villager (Male) |
| 6:27 | Crear | Villager (Male) |
| 6:27 | Crear | Villager (Male) |
| 6:41 | Construir | House |
| 7:20 | Construir | House |
| 7:26 | Construir | House |
| 7:36 | Crear | Villager (Male) |
| 7:36 | Crear | Villager (Male) |
| 7:36 | Crear | Villager (Male) |
| 8:47 | Construir | Mill |
| 8:54 | Crear | Villager (Male) |
| 8:54 | Crear | Villager (Male) |
| 8:55 | Crear | Villager (Male) |
| 9:04 | Crear | Villager (Male) |
| 9:39 | Crear | Militia |
| 10:19 | Construir | Mining Camp |
| 10:26 | Crear | Villager (Male) |
| 10:50 | Crear | Militia |
| 11:40 | Construir | Mill |
| 13:12 | Crear | Villager (Male) |
| 13:12 | Crear | Villager (Male) |
| 13:42 | Crear | Villager (Male) |
| 14:08 | Investigar | Feudal Age |
| 14:50 | Construir | Farm |
| 16:18 | Crear | Villager (Male) |
| 16:18 | Crear | Villager (Male) |
| 16:18 | Edad | Edad Feudal |
| 16:29 | Crear | Villager (Male) |
| 16:30 | Crear | Villager (Male) |
| 16:37 | Investigar | Double-Bit Axe |
| 19:34 | Construir | Stable |
| 19:39 | Construir | Archery Range |
| 20:32 | Investigar | Castle Age |
| 21:40 | Crear | Villager (Male) |
| 21:41 | Crear | Villager (Male) |
| 21:42 | Crear | Villager (Male) |
| 21:42 | Crear | Villager (Male) |
| 23:12 | Edad | Edad de los Castillos |
| 23:35 | Crear | Villager (Male) |
| 23:35 | Crear | Villager (Male) |
| 24:03 | Construir | Town Center |
| 24:17 | Construir | Town Center |
Build order — 疯穿箱子
Primeras 150 de 271 acciones detectadas
| 0:12 | Construir | Town Center |
| 1:24 | Crear | Villager (Male) |
| 1:24 | Crear | Villager (Male) |
| 1:25 | Crear | Villager (Male) |
| 1:25 | Crear | Villager (Male) |
| 1:25 | Crear | Villager (Male) |
| 2:21 | Crear | Villager (Male) |
| 3:25 | Construir | Lumber Camp |
| 3:43 | Crear | Villager (Male) |
| 3:43 | Crear | Villager (Male) |
| 3:43 | Crear | Villager (Male) |
| 3:43 | Crear | Villager (Male) |
| 3:44 | Crear | Villager (Male) |
| 3:45 | Crear | Villager (Male) |
| 3:45 | Crear | Villager (Male) |
| 4:35 | Crear | Villager (Male) |
| 6:12 | Crear | Villager (Male) |
| 6:56 | Construir | Mill |
| 7:42 | Crear | Villager (Male) |
| 7:45 | Crear | Villager (Male) |
| 7:49 | Construir | House |
| 8:29 | Construir | Palisade Wall |
| 8:43 | Construir | House |
| 8:48 | Crear | Villager (Male) |
| 8:51 | Investigar | Feudal Age |
| 10:17 | Construir | Palisade Wall |
| 10:59 | Construir | House |
| 11:09 | Construir | Palisade Wall |
| 11:23 | Edad | Edad Feudal |
| 11:30 | Crear | Villager (Male) |
| 11:30 | Crear | Villager (Male) |
| 11:31 | Crear | Villager (Male) |
| 11:31 | Crear | Villager (Male) |
| 11:44 | Construir | Blacksmith |
| 11:47 | Construir | Market |
| 12:20 | Construir | House |
| 12:45 | Construir | Farm |
| 12:47 | Construir | Farm |
| 12:50 | Construir | Farm |
| 13:05 | Construir | House |
| 13:44 | Construir | Mill |
| 14:16 | Construir | House |
| 14:22 | Investigar | Castle Age |
| 15:22 | Construir | Mining Camp |
| 15:36 | Construir | Palisade Wall |
| 15:48 | Construir | House |
| 16:18 | Construir | House |
| 16:31 | Construir | Palisade Wall |
| 16:36 | Construir | Outpost |
| 17:02 | Edad | Edad de los Castillos |
| 17:26 | Construir | House |
| 17:36 | Construir | Palisade Wall |
| 17:47 | Construir | Palisade Wall |
| 19:01 | Crear | Villager (Male) |
| 19:06 | Construir | Barracks |
| 19:21 | Crear | Villager (Male) |
| 19:22 | Crear | Villager (Male) |
| 19:47 | Construir | Palisade Wall |
| 19:54 | Construir | Farm |
| 20:06 | Crear | Villager (Male) |
| 20:56 | Construir | Lumber Camp |
| 21:18 | Crear | Villager (Male) |
| 21:18 | Crear | Villager (Male) |
| 21:20 | Crear | Villager (Male) |
| 21:21 | Crear | Villager (Male) |
| 22:11 | Crear | Villager (Male) |
| 22:12 | Crear | Villager (Male) |
| 22:16 | Crear | Villager (Male) |
| 22:22 | Investigar | Double-Bit Axe |
| 22:22 | Investigar | Double-Bit Axe |
| 22:57 | Construir | Town Center |
| 23:09 | Crear | Villager (Male) |
| 23:24 | Crear | Villager (Male) |
| 23:59 | Crear | Villager (Male) |
| 24:21 | Construir | Town Center |
| 24:28 | Crear | Villager (Male) |
| 24:34 | Construir | Farm |
| 24:35 | Construir | Farm |
| 25:07 | Crear | Villager (Male) |
| 25:09 | Crear | Villager (Male) |
| 25:10 | Crear | Villager (Male) |
| 25:16 | Crear | Villager (Male) |
| 25:28 | Investigar | Horse Collar |
| 25:28 | Investigar | Horse Collar |
| 25:48 | Crear | Villager (Male) |
| 26:00 | Construir | Stable |
| 26:04 | Construir | Stable |
| 26:07 | Crear | Villager (Male) |
| 26:09 | Crear | Villager (Male) |
| 26:15 | Construir | Farm |
| 26:16 | Construir | Farm |
| 26:18 | Crear | Villager (Male) |
| 26:24 | Crear | Villager (Male) |
| 26:48 | Crear | Villager (Male) |
| 26:52 | Construir | Farm |
| 26:56 | Crear | Villager (Male) |
| 27:02 | Investigar | Bow Saw |
| 27:02 | Investigar | Bow Saw |
| 27:04 | Crear | Villager (Male) |
| 27:16 | Construir | Farm |
| 27:16 | Construir | Farm |
| 27:17 | Construir | Farm |
| 27:31 | Crear | Villager (Male) |
| 27:44 | Crear | Villager (Male) |
| 27:44 | Crear | Villager (Male) |
| 27:45 | Crear | Villager (Male) |
| 27:48 | Crear | Villager (Male) |
| 28:03 | Construir | Farm |
| 28:03 | Construir | Farm |
| 28:04 | Construir | Farm |
| 28:09 | Investigar | Husbandry |
| 28:10 | Investigar | Bloodlines |
| 28:26 | Investigar | Scale Barding Armor |
| 28:30 | Crear | Villager (Male) |
| 28:41 | Construir | Farm |
| 28:41 | Construir | Farm |
| 28:56 | Construir | Farm |
| 28:56 | Construir | Farm |
| 28:57 | Construir | Farm |
| 28:57 | Construir | Farm |
| 28:59 | Crear | Villager (Male) |
| 29:04 | Crear | Villager (Male) |
| 29:04 | Crear | Villager (Male) |
| 29:04 | Crear | Villager (Male) |
| 29:04 | Crear | Villager (Male) |
| 29:13 | Construir | Farm |
| 29:13 | Construir | Farm |
| 29:14 | Construir | Farm |
| 29:25 | Crear | Camel Scout |
| 29:26 | Crear | Camel Scout |
| 29:26 | Crear | Camel Scout |
| 29:33 | Crear | Villager (Male) |
| 29:33 | Crear | Villager (Male) |
| 29:44 | Construir | House |
| 29:57 | Crear | Villager (Male) |
| 29:58 | Crear | Villager (Male) |
| 29:58 | Crear | Villager (Male) |
| 29:59 | Crear | Villager (Male) |
| 29:59 | Crear | Villager (Male) |
| 30:03 | Crear | Villager (Male) |
| 30:03 | Crear | Villager (Male) |
| 30:09 | Construir | Farm |
| 30:09 | Construir | Farm |
| 30:10 | Construir | Farm |
| 30:11 | Construir | Farm |
| 30:23 | Construir | Farm |
| 30:24 | Construir | Farm |
| 30:25 | Construir | Farm |
| 30:32 | Crear | Villager (Male) |
| 30:32 | Crear | Villager (Male) |
Cronología de la partida
| 1:17 | august17337 · first_building Barracks |
| 8:29 | 疯穿箱子 · wall_segment Palisade Wall x14 |
| 9:17 | Pumbaa · age_up feudal |
| 9:24 | AMALARI · first_building Barracks |
| 10:04 | Pumbaa · wall_segment Stone Wall x14 |
| 10:12 | Pumbaa · first_building Barracks |
| 10:17 | 疯穿箱子 · wall_segment Palisade Wall x10 |
| 10:22 | 自由人要乐奈 · wall_segment Palisade Wall x11 |
| 10:32 | dinbsty ascenci · first_building Barracks |
| 10:36 | 三战就要打起来了 · first_building Barracks |
| 11:07 | AMALARI · age_up feudal |
| 11:09 | 疯穿箱子 · wall_segment Palisade Wall x5 |
| 11:10 | 三战就要打起来了 · age_up feudal |
| 11:19 | 自由人要乐奈 · wall_segment Palisade Wall x2 |
| 11:23 | 疯穿箱子 · age_up feudal |
| 11:23 | 自由人要乐奈 · wall_segment Palisade Wall x2 |
| 11:24 | 自由人要乐奈 · wall_segment Palisade Wall x1 |
| 11:36 | chekopg_1110 · first_building Barracks |
| 11:46 | dinbsty ascenci · first_building Stable |
| 11:56 | 自由人要乐奈 · age_up feudal |
| 12:07 | 自由人要乐奈 · wall_segment Palisade Wall x1 |
| 12:30 | 三战就要打起来了 · first_building Stable |
| 12:37 | 自由人要乐奈 · first_building Barracks |
| 13:08 | 自由人要乐奈 · wall_segment Palisade Wall x8 |
| 13:16 | 自由人要乐奈 · wall_segment Palisade Wall x10 |
| 13:17 | 自由人要乐奈 · wall_segment Palisade Wall x4 |
| 13:19 | 自由人要乐奈 · wall_segment Palisade Wall x3 |
| 13:22 | 自由人要乐奈 · wall_segment Palisade Wall x6 |
| 13:31 | chekopg_1110 · age_up feudal |
| 13:33 | chekopg_1110 · first_building Stable |
| 13:58 | Pumbaa · wall_segment Stone Wall x14 |
| 14:06 | 自由人要乐奈 · first_building Stable |
| 14:21 | Pumbaa · first_building Archery Range |
| 15:35 | 自由人要乐奈 · age_up castle |
| 15:36 | 疯穿箱子 · wall_segment Palisade Wall x8 |
| 15:42 | AMALARI · first_building Stable |
| 16:14 | 自由人要乐奈 · wall_segment Palisade Wall x2 |
| 16:18 | august17337 · age_up feudal |
| 16:19 | 三战就要打起来了 · age_up castle |
| 16:31 | 疯穿箱子 · wall_segment Palisade Wall x1 |
| 16:39 | 自由人要乐奈 · wall_segment Palisade Wall x2 |
| 16:42 | 三战就要打起来了 · first_building Castle |
| 16:50 | AMALARI · age_up castle |
| 17:02 | 疯穿箱子 · age_up castle |
| 17:26 | chekopg_1110 · age_up castle |
| 17:36 | 疯穿箱子 · wall_segment Palisade Wall x4 |
| 17:42 | 三战就要打起来了 · first_building Monastery |
| 17:47 | 疯穿箱子 · wall_segment Palisade Wall x3 |
| 17:53 | 自由人要乐奈 · wall_segment Palisade Wall x9 |
| 18:23 | 自由人要乐奈 · wall_segment Palisade Wall x1 |
| 18:24 | 自由人要乐奈 · wall_segment Palisade Wall x1 |
| 18:27 | 自由人要乐奈 · wall_segment Palisade Wall x2 |
| 19:06 | 疯穿箱子 · first_building Barracks |
| 19:10 | Pumbaa · first_building Stable |
| 19:34 | august17337 · first_building Stable |
| 19:39 | august17337 · first_building Archery Range |
| 19:47 | 疯穿箱子 · wall_segment Palisade Wall x6 |
| 20:06 | Pumbaa · wall_segment Stone Wall x5 |
| 21:23 | AMALARI · first_building Monastery |
| 23:12 | august17337 · age_up castle |
| 24:03 | AMALARI · first_building Castle |
| 24:25 | chekopg_1110 · first_building Castle |
| 24:57 | dinbsty ascenci · first_building Castle |
| 25:22 | AMALARI · first_market_buy 100 food |
| 25:36 | 自由人要乐奈 · first_market_buy 100 stone |
| 25:38 | 自由人要乐奈 · first_building Castle |
| 26:00 | 疯穿箱子 · first_building Stable |
| 26:36 | dinbsty ascenci · first_building Siege Workshop |
| 27:05 | Pumbaa · first_market_buy 100 food |
| 27:06 | 自由人要乐奈 · wall_segment Stone Wall x1 |
| 27:29 | 自由人要乐奈 · first_building Siege Workshop |
| 28:35 | Pumbaa · tribute_sent a jugador 1 |
| 28:35 | Pumbaa · tribute_sent a jugador 2 |
| 28:35 | Pumbaa · tribute_sent a jugador 3 |
| 28:35 | Pumbaa · tribute_sent a jugador 4 |
| 28:35 | Pumbaa · tribute_sent a jugador 5 |
| 28:35 | Pumbaa · tribute_sent a jugador 7 |
| 28:35 | Pumbaa · tribute_sent a jugador 8 |
| 28:35 | dinbsty ascenci · first_market_sell 100 wood |
| 28:48 | Pumbaa · age_up castle |
| 28:50 | august17337 · resign |
| 29:30 | Pumbaa · first_building Castle |
| 29:53 | chekopg_1110 · first_building Siege Workshop |
| 30:09 | Pumbaa · first_building Siege Workshop |
| 33:56 | 疯穿箱子 · first_building Monastery |
| 35:06 | 自由人要乐奈 · first_market_sell 100 food |
| 35:24 | 三战就要打起来了 · age_up imperial |
| 35:44 | Pumbaa · wall_segment Stone Wall x3 |
| 36:47 | chekopg_1110 · age_up imperial |
| 37:49 | dinbsty ascenci · wall_segment Stone Wall x8 |
| 37:53 | Pumbaa · wall_segment Stone Wall x3 |
| 38:02 | dinbsty ascenci · wall_segment Stone Wall x14 |
| 38:29 | 自由人要乐奈 · age_up imperial |
| 39:17 | 疯穿箱子 · age_up imperial |
| 40:13 | 疯穿箱子 · first_building Castle |
| 40:26 | dinbsty ascenci · first_building Archery Range |
| 42:50 | AMALARI · age_up imperial |
| 43:06 | Pumbaa · tribute_sent a jugador 1 |
| 43:06 | Pumbaa · tribute_sent a jugador 2 |
| 43:06 | Pumbaa · tribute_sent a jugador 3 |
| 43:06 | Pumbaa · tribute_sent a jugador 4 |
| 43:06 | Pumbaa · tribute_sent a jugador 5 |
| 43:06 | Pumbaa · tribute_sent a jugador 7 |
| 43:06 | Pumbaa · tribute_sent a jugador 8 |
[ ANÁLISIS IA · 1 CRÉDITO ]
¿Qué pasó realmente en esta partida?
Wolo.gg analiza cada decisión: build order, eco, micro, errores típicos por bracket. Análisis personalizado por WhatsApp o Discord en 30 segundos.
Guía civ
Yurchen
Perfil
Jugador #801301